 Dungeon Crawl Stone Soup version 0.31-a0-237-g2d982f9f85 (webtiles) character file.

Game seed: 11570635817441398036

26882 qw the Marksgargoyle (level 13, -5/75 HPs)
             Began as a Gargoyle Hexslinger on July 11, 2023.
             Was a High Priest of Okawaru.
             Slain by a komodo dragon (22 damage)
             ... on level 3 of the Lair of Beasts.
             The game lasted 00:06:17 (11177 turns).

qw the Marksgargoyle (Gargoyle Hexslinger)         Turns: 11177, Time: 00:06:18

Health: -5/75      AC: 25    Str: 25    XL:     13   Next: 28%
Magic:  18/20      EV: 18    Int: 13    God:    Okawaru [*****.]
Gold:   329        SH:  0    Dex: 18    Spells: 13/14 levels left

rFire   . . .        Y - +1 orcbow (elec)
rCold   . . .        (shield currently unavailable)
rNeg    + + .        v - +2 robe of Luc Jaleusi {rN+ Str+2 Dex+3 SInv}
rPois   inf          o - +2 helmet
rElec   +            h - +0 cloak
rCorr   .            p - +1 pair of gloves
SInv    +            i - +0 pair of boots
Will    +....        (no amulet)
Stlth   +++          c - +6 ring of strength
HPRegen 0.32/turn    d - ring of willpower
MPRegen 0.17/turn

%: no passive effects
@: heroic, unable to drink
A: sickness immunity, AC +9, negative energy resistance 1, electricity
resistance, torment resistance 1, petrification resistance, iridescent scales 1,
frail 1, strong 1, subdued magic 1, inability to drink after injury 1
a: Renounce Religion, Heroism, Finesse, Duel


You were on level 3 of the Lair of Beasts.
You worshipped Okawaru.
Okawaru was extremely pleased with you.
You visited 3 branches of the dungeon, and saw 16 of its levels.

You collected 855 gold pieces.
You spent 526 gold pieces at shops.


Innate Abilities, Weirdness & Mutations

You are immune to sickness and miasma.
Your stone body is resilient. (AC +9)
You are immune to poison.
You resist negative energy. (rN+)
You are resistant to electric shocks. (rElec)
You are resistant to unholy torment.
You are immune to petrification.
You are partially covered in iridescent scales. (AC +2)
You are frail. (-10% HP)
Your muscles are strong. (Str +4, Int/Dex -1)
Your spells are a little easier to cast, but a little less powerful.
You occasionally lose the ability to drink potions when taking damage.


   Skills:
 - Level 11.0(16.0) Fighting
 - Level 16.0(21.0) Ranged Weapons
 - Level 5.0(10.0) Armour
 + Level 5.1(10.1) Dodging
 - Level 1.0 Spellcasting
 - Level 2.6 Hexes
 - Level 10.0 Invocations


You had 13 spell levels left.
You knew the following spells:

 Your Spells              Type           Power      Damage    Failure   Level
a - Slow                  Hex            20%        N/A       8%          1

Your spell library contained the following spells:

 Spells                   Type           Power      Damage    Failure   Level
 Inner Flame              Hex/Fire       3%         N/A       38%         3
 Portal Projectile        Hex/Tloc       6%         N/A       38%         3
 Cause Fear               Hex            2%         N/A       63%         4

Inventory:

Hand Weapons
 Y - a +1 orcbow of electrocution (weapon)
Armour
 h - a +0 cloak (worn)
 i - a +0 pair of boots (worn)
 k - a +1 ring mail of fire resistance
 m - a +0 troll leather armour
 o - a +2 helmet (worn)
 p - a +1 pair of gloves (worn)
 v - the +2 robe of Luc Jaleusi (worn) {rN+ Str+2 Dex+3 SInv}
   (Okawaru gifted it to you on level 3 of the Lair of Beasts)

   Str:       It affects your strength (+2).
   Dex:       It affects your dexterity (+3).
   rN:        It protects you from negative energy.
   SInv:      It lets you see invisible.
Jewellery
 c - a +6 ring of strength (left hand)
 d - a ring of willpower (right hand)
 f - a ring of fire
 l - a ring of ice
Scrolls
 a - 2 scrolls of identify
 r - a scroll of teleportation
Potions
 b - 2 potions of haste
 e - a potion of might
 g - 10 potions of curing
 j - a potion of enlightenment
 n - 2 potions of heal wounds
 q - a potion of resistance
 s - a potion of magic

Dungeon Overview and Level Annotations

Branches:
Dungeon (11/15)            Temple (1/1) D:7            Lair (4/5) D:11
 Shoals (0/4) Lair:2        Snake (0/4) Lair:2
  Slime: Lair:4-5       Orc: D:9-12

Altars:
Ashenzari
Cheibriados
Dithmenos
Elyvilon
Fedhas
Gozag
Hepliaklqana
Kikubaaqudgha
Makhleb
Nemelex Xobeh
Okawaru
Qazlal
Ru
Sif Muna
Trog
Uskayaw
Vehumet
Wu Jian
Xom
Yredelemnul
Zin
The Shining One

Shops:
D:1 [   D:3 (   D:4 :   D:10 [   D:11 =

Annotations:
D:4 1 runed translucent door, Crazy Yiuf


Message History

The komodo dragon bites you but does no damage.
The komodo dragon closely misses you.
You shoot an arrow. The arrow hits the black mamba!!
You kill the black mamba!
Okawaru accepts your kill. The komodo dragon bites you.
You shoot an arrow. The arrow hits the komodo dragon!
The komodo dragon is lightly wounded.
The komodo dragon bites you but does no damage.
You shoot an arrow. The arrow hits the komodo dragon.
The komodo dragon is moderately wounded.
The komodo dragon misses you. The komodo dragon bites you!
You shoot an arrow.
The arrow closely misses the komodo dragon.
The komodo dragon bites you!
You shoot an arrow.
The arrow barely misses the komodo dragon.
You feel like a meek peon again.
The komodo dragon bites you but does no damage.
The komodo dragon bites you!
11173 ||| STAIRDANCE The komodo dragon bites you!
You feel threatened and lose the ability to drink potions!
The komodo dragon closely misses you.
You climb upwards.
There is a stone staircase leading down here.
11175 ||| INVOKING Heroism.
You gain the combat prowess of a mighty hero.
You can drink potions again.
The komodo dragon bites you but does no damage. x2
You shoot an arrow. The arrow hits the komodo dragon!
Lightning courses through the komodo dragon!
The komodo dragon is almost dead.
The komodo dragon barely misses you.
You shoot an arrow.
The arrow hits the komodo dragon but does no damage.
The komodo dragon is almost dead.
The komodo dragon bites you! The komodo dragon bites you!!
You feel threatened and lose the ability to drink potions!
You die...

#.......# ###.#..#....#..........
...#....###.#........P#..........
..P#.....#..#%..P................
..P..............................
.....#.................).........
............#P...................
.........#...............#.......
.........#...............#.......
.../........#...@l.............#.
.#.............l##..##.........#.
##..................###...P.#....
.................P...............
.................#.............#.
.................................
..................#..............
....................<.#..........
........................P........


You could see 2 komodo dragons.

Vanquished Creatures
  Gastronok (Lair:3)
  Kirke (Lair:3)
  A hydra (Lair:2)
  A centaur warrior (D:9)
  4 two-headed ogres
  Erica (D:8)
  A catoblepas (Lair:3)
  Urug (Lair:2)
  Amaemon (Lair:2)
  A gargoyle (D:11)
  A black mamba (Lair:4)
  An orange demon (Lair:2)
  A kobold demonologist (D:11)
  3 cane toads
  An unseen horror (D:11)
  A rime drake (Lair:1)
  2 komodo dragons
  A tengu conjurer (D:11)
  2 polar bears (Lair:2)
  2 trolls
  2 shadows
  A slime creature (D:11)
  A spriggan (Lair:2)
  2 water elementals (D:11)
  41 yaks
  3 wraiths
  A vampire (D:10)
  2 basilisks
  4 hogs (Lair:3)
  4 wyverns
  A vampire mosquito (D:9)
  A steam dragon (D:9)
  4 acid dragons
  3 nagas (Lair:2)
  5 water moccasins
  3 orc warriors
  An ice beast (D:7)
  4 sky beasts
  4 black bears
  A centaur (Lair:2)
  An ogre (D:7)
  9 wolves (Lair:2)
  2 phantoms
  2 kobold brigands (D:9)
  8 bullfrogs
  A scorpion (D:11)
  4 gnoll sergeants
  8 killer bees
  An electric eel (D:11)
  5 howler monkeys
  A jelly (D:5)
  7 orc priests
  5 hounds
  Jessica (D:3)
  3 iguanas
  9 orc wizards
  8 gnolls
  10 adders
  2 shadow imps
  3 white imps
  An ufetubus (D:6)
  A worm (D:2)
  A dart slug (D:1)
  20 orcs
  5 ball pythons
  5 bats
  4 endoplasms
  4 giant cockroaches
  4 goblins
  4 hobgoblins
  10 jackals
  11 kobolds
  3 quokkas
  4 frilled lizards (D:1)
  7 rats
290 creatures vanquished.

Notes
Turn   | Place    | Note
-------+----------+-------------------------------------------
     0 | D:1      | qw the Gargoyle Hexslinger began the quest for the Orb.
     0 | D:1      | Reached XP level 1. HP: 12/12 MP: 2/2
     0 | D:1      | 0 ||| qw: Version: 0.3-a-52-g30416fa
     0 | D:1      | 0 ||| qw: Game counter: 5880
     0 | D:1      | 0 ||| qw: Melee chars always use a shield: true
     0 | D:1      | 0 ||| qw: God list: Okawaru
     0 | D:1      | 0 ||| qw: Allow faded altars: false
     0 | D:1      | 0 ||| qw: Do Orc after clearing Dungeon:15 true
     0 | D:1      | 0 ||| qw: Do second Lair branch before Depths: true
     0 | D:1      | 0 ||| qw: Lair rune preference: random
     0 | D:1      | 0 ||| qw: Goals: Normal
     0 | D:1      | 0 ||| PLANNING D:1-11
    68 | D:1      | Reached XP level 2. HP: 6/16 MP: 3/3
   416 | D:1      | Reached skill level 3 in Ranged Weapons
   639 | D:1      | Reached XP level 3. HP: 21/21 MP: 4/4
   662 | D:1      | Found Qoetig's Antique Armour Shoppe.
   668 | D:1      | 668 ||| SHOPLISTING glowing leather armour (120 gold, have
                  | 4).
   668 | D:1      | 668 ||| SHOPLISTING glowing robe (88 gold, have 4).
   668 | D:1      | 668 ||| SHOPLISTING leather armour (48 gold, have 4).
   668 | D:1      | 668 ||| SHOPLISTING pair of boots (108 gold, have 4).
   668 | D:1      | 668 ||| SHOPLISTING ring mail (96 gold, have 4).
   979 | D:1      | 979 ||| READING 3 scrolls labelled NORPHA OFIH.
   980 | D:1      | 980 ||| READING scroll labelled SIJUMA ABUBB.
   981 | D:1      | 981 ||| READING 2 scrolls of identify.
   981 | D:1      | 981 ||| IDENTIFYING white potion
   982 | D:1      | 982 ||| DROPPING scroll of poison.
   983 | D:1      | 983 ||| DROPPING potion of degeneration.
   997 | D:2      | Found a faded altar of an unknown god.
  1094 | D:2      | Identified the +9 sling of Might {heavy, rC+ Will+ Str+5}
  1096 | D:2      | 1096 ||| SWAPPING to +9 sling of Might {heavy, rC+ Will+
                  | Str+5}.
  1097 | D:2      | 1097 ||| DROPPING +1 sling.
  1126 | D:2      | Reached skill level 4 in Ranged Weapons
  1126 | D:2      | Reached XP level 4. HP: 26/26 MP: 5/5
  1454 | D:2      | 1454 ||| UPGRADING to +0 leather armour.
  1464 | D:2      | 1464 ||| DROPPING +0 robe.
  1465 | D:2      | 1465 ||| READING scroll labelled GEUWIH URPHYUPU.
  1466 | D:2      | 1466 ||| READING 2 scrolls of identify.
  1466 | D:2      | 1466 ||| IDENTIFYING fizzy black potion
  1742 | D:3      | Noticed Jessica
  1745 | D:3      | Killed Jessica
  1746 | D:3      | Reached XP level 5. HP: 30/30 MP: 6/6
  1752 | D:3      | 1752 ||| Stepping ~*~*~tactically~*~*~ (outnumbered).
  1758 | D:3      | Reached skill level 5 in Ranged Weapons
  2093 | D:3      | Reached skill level 3 in Fighting
  2095 | D:3      | Reached XP level 6. HP: 34/37 MP: 7/7
  2149 | D:3      | Found Giesol's Antique Weapon Shop.
  2169 | D:3      | 2169 ||| UPGRADING to +1 robe of willpower.
  2179 | D:3      | 2179 ||| DROPPING +0 leather armour.
  2180 | D:3      | 2180 ||| DROPPING +0 ring mail.
  2181 | D:3      | 2181 ||| UPGRADING to +1 ring mail of fire resistance.
  2191 | D:3      | 2191 ||| READING 3 scrolls labelled ANUSKA UKHLOB.
  2192 | D:3      | 2192 ||| DRINKING 2 green potions.
  2193 | D:3      | 2193 ||| DRINKING 2 silvery potions.
  2194 | D:3      | 2194 ||| DROPPING potion of attraction.
  2195 | D:3      | 2195 ||| DROPPING 2 scrolls of fog.
  2224 | D:4      | Reached skill level 1 in Armour
  2268 | D:4      | Noticed a sky beast
  2271 | D:4      | Killed a sky beast
  2322 | D:4      | Reached skill level 6 in Ranged Weapons
  2503 | D:4      | Found Ibiqocedi's Book Emporium.
  2545 | D:4      | Found a runed translucent door.
  2546 | D:4      | Noticed Crazy Yiuf
  2646 | D:4      | Found a snail-covered altar of Cheibriados.
  2767 | D:4      | Reached XP level 7. HP: 43/43 MP: 8/8
  2838 | D:4      | 2838 ||| UPGRADING to +0 cloak.
  2843 | D:4      | 2843 ||| READING 3 scrolls of identify.
  2843 | D:4      | 2843 ||| IDENTIFYING golden potion
  2844 | D:4      | 2844 ||| READING 2 scrolls of identify.
  2844 | D:4      | 2844 ||| IDENTIFYING lumpy amethyst potion
  2845 | D:4      | 2845 ||| DROPPING potion of ambrosia.
  2866 | D:5      | Entered Level 5 of the Dungeon
  2921 | D:5      | Noticed a two-headed ogre
  2928 | D:5      | Killed a two-headed ogre
  2929 | D:5      | Reached skill level 8 in Ranged Weapons
  2929 | D:5      | Reached XP level 8. HP: 39/48 MP: 9/9
  2971 | D:5      | Found a hide-covered altar of Uskayaw.
  3029 | D:5      | Found a glowing golden altar of the Shining One.
  3029 | D:5      | Found a glowing silver altar of Zin.
  3029 | D:5      | Found a white marble altar of Elyvilon.
  3643 | D:5      | 3643 ||| UPGRADING to +0 pair of gloves.
  3648 | D:5      | 3648 ||| READING scroll labelled XEWEW ILITZURE.
  3649 | D:5      | 3649 ||| READING scroll labelled ORUPPI ABUAT.
  3653 | D:5      | 3653 ||| READING 2 scrolls of identify.
  3653 | D:5      | 3653 ||| IDENTIFYING sedimented orange potion
  3661 | D:6      | 3661 ||| STAIRDANCE
  3756 | D:6      | Reached skill level 9 in Ranged Weapons
  3897 | D:6      | Reached skill level 6 in Fighting
  4107 | D:6      | 4107 ||| FLEEEEING.
  4111 | D:6      | 4111 ||| Stepping ~*~*~tactically~*~*~ (outnumbered).
  4119 | D:6      | Reached XP level 9. HP: 41/55 MP: 10/10
  4323 | D:6      | Reached skill level 10 in Ranged Weapons
  4545 | D:6      | 4545 ||| DROPPING ring of wizardry.
  4546 | D:6      | 4546 ||| DRINKING 2 fizzy green potions.
  4682 | D:7      | Reached skill level 3 in Armour
  4720 | D:7      | Found a staircase to the Ecumenical Temple.
  4721 | D:7      | 4721 ||| PLANNING TEMPLE
  4724 | Temple   | Entered the Ecumenical Temple
  4811 | Temple   | 4811 ||| PLANNING D:1-11
  4962 | D:7      | Found a hazy altar of Hepliaklqana.
  4962 | D:7      | Noticed a troll
  4963 | D:7      | 4963 ||| READING scroll labelled FEOGEKK VEOCK.
  4997 | D:7      | Killed a troll
  5175 | D:7      | 5175 ||| DROPPING +1 robe of willpower.
  5176 | D:7      | 5176 ||| UPGRADING to +0 troll leather armour.
  5186 | D:7      | 5186 ||| DROPPING +0 ring mail of cold resistance.
  5279 | D:8      | Found a shimmering blue altar of Sif Muna.
  5280 | D:8      | Found a sacrificial altar of Ru.
  5280 | D:8      | Found a sparkling altar of Nemelex Xobeh.
  5281 | D:8      | Found an iron altar of Okawaru.
  5282 | D:8      | 5282 ||| PLANNING OKAWARU WORSHIP
  5289 | D:8      | Became a worshipper of Warmaster Okawaru
  5290 | D:8      | 5290 ||| PLANNING D:1-11
  5394 | D:8      | Found an opulent altar of Gozag.
  5592 | D:8      | Noticed a two-headed ogre
  5599 | D:8      | HP: 12/57 [two-headed ogre/+0 giant spiked club (24)]
  5600 | D:8      | 5600 ||| DRINKING potion of heal wounds.
  5602 | D:8      | Killed a two-headed ogre
  5602 | D:8      | Reached * piety under Okawaru
  5603 | D:8      | Reached XP level 10. HP: 17/63 MP: 11/11
  5784 | D:8      | Reached skill level 1 in Invocations
  5985 | D:8      | Noticed Erica
  5986 | D:8      | 5986 ||| INVOKING Heroism.
  5995 | D:8      | Killed Erica
  5996 | D:8      | Reached skill level 3 in Invocations
  6098 | D:8      | 6098 ||| DRINKING 2 fuming green potions.
  6098 | D:8      | Gained mutation: Your spells are a little harder to cast,
                  | but a little more powerful. [potion of mutation]
  6098 | D:8      | Gained mutation: Potions are less effective at restoring
                  | your health. [potion of mutation]
  6098 | D:8      | Gained mutation: Your muscles are strong. (Str +4, Int/Dex
                  | -1) [potion of mutation]
  6099 | D:8      | 6099 ||| DRINKING potion of mutation.
  6099 | D:8      | Lost mutation: Your muscles are strong. (Str +4, Int/Dex
                  | -1) [potion of mutation]
  6099 | D:8      | Lost mutation: Your spells are a little harder to cast, but
                  | a little more powerful. [potion of mutation]
  6099 | D:8      | Gained mutation: You are frail. (-10% HP) [potion of
                  | mutation]
  6099 | D:8      | Gained mutation: Your mind is acute. (Int +4, Str/Dex -1)
                  | [potion of mutation]
  6099 | D:8      | Gained mutation: You are partially covered in iridescent
                  | scales. (AC +2) [potion of mutation]
  6144 | D:9      | 6144 ||| INVOKING Heroism.
  6238 | D:9      | Reached skill level 11 in Ranged Weapons
  6241 | D:9      | 6241 ||| INVOKING Heroism.
  6246 | D:9      | Reached ** piety under Okawaru
  6247 | D:9      | 6247 ||| Stepping ~*~*~tactically~*~*~ (cloud).
  6327 | D:9      | Found a bloodstained altar of Trog.
  6389 | D:9      | 6389 ||| INVOKING Heroism.
  6420 | D:9      | Identified the staff of Ad Valorem {rC+ rCorr Str-4 Fire
                  | Ice}
  6525 | D:9      | 6525 ||| UPGRADING to +0 helmet.
  6530 | D:9      | 6530 ||| UPGRADING to +6 ring of strength.
  6531 | D:9      | 6531 ||| READING scroll labelled SAKOAPR KIEKIE.
  6548 | D:9      | Noticed a two-headed ogre
  6559 | D:9      | 6559 ||| INVOKING Heroism.
  6620 | D:9      | 6620 ||| INVOKING Heroism.
  6623 | D:9      | Reached skill level 12 in Ranged Weapons
  6628 | D:9      | Killed a two-headed ogre
  6628 | D:9      | Reached *** piety under Okawaru
  6654 | D:9      | 6654 ||| INVOKING Heroism.
  6669 | D:9      | Reached XP level 11. HP: 61/61 MP: 14/14
  6694 | D:9      | 6694 ||| Stepping ~*~*~tactically~*~*~ (outnumbered).
  6733 | D:9      | Noticed a centaur warrior
  6739 | D:9      | 6739 ||| INVOKING Heroism.
  6742 | D:9      | HP: 10/61 [centaur warrior/arrow (11)]
  6743 | D:9      | 6743 ||| READING scroll of teleportation.
  6866 | D:9      | 6866 ||| INVOKING Heroism.
  6870 | D:9      | Killed a centaur warrior
  6871 | D:9      | Reached skill level 13 in Ranged Weapons
  6990 | D:9      | Noticed a two-headed ogre
  6990 | D:9      | 6990 ||| INVOKING Heroism.
  7002 | D:9      | Killed a two-headed ogre
  7007 | D:9      | Reached skill level 9 in Fighting
  7044 | D:9      | 7044 ||| UPGRADING to +2 helmet.
  7054 | D:9      | 7054 ||| DROPPING +0 helmet.
  7111 | D:10     | Entered Level 10 of the Dungeon
  7173 | D:10     | 7173 ||| INVOKING Heroism.
  7200 | D:10     | 7200 ||| INVOKING Heroism.
  7730 | D:10     | Found Kirot's Armour Shoppe.
  7733 | D:10     | 7733 ||| BUYING +1 pair of gloves (126 gold).
  7733 | D:10     | Bought a +1 pair of gloves for 126 gold pieces
  7858 | D:10     | 7858 ||| UPGRADING to +0 pair of boots.
  7863 | D:10     | 7863 ||| UPGRADING to +1 pair of gloves.
  7873 | D:10     | 7873 ||| DROPPING +0 pair of gloves.
  7924 | D:11     | Reached **** piety under Okawaru
  7976 | D:11     | Found Vueloed's Jewellery Emporium.
  7988 | D:11     | 7988 ||| SHOPLISTING +5 ring of evasion (576 gold, have
                  | 523).
  7988 | D:11     | 7988 ||| SHOPLISTING amulet of faith (640 gold, have 523).
  7988 | D:11     | 7988 ||| BUYING ring of ice (400 gold).
  7988 | D:11     | Bought a ring of ice for 400 gold pieces
  7995 | D:11     | 7995 ||| INVOKING Heroism.
  8001 | D:11     | Reached skill level 14 in Ranged Weapons
  8262 | D:11     | Reached skill level 6 in Invocations
  8265 | D:11     | Reached ***** piety under Okawaru
  8419 | D:11     | Found a staircase to the Lair.
  8420 | D:11     | 8420 ||| INVOKING Heroism.
  8438 | D:11     | 8438 ||| SWAPPING to +0 orcbow of flaming.
  8439 | D:11     | 8439 ||| DROPPING +9 sling of Might {heavy, rC+ Will+
                  | Str+5}.
  8558 | D:11     | 8558 ||| INVOKING Heroism.
  8560 | D:11     | Reached XP level 12. HP: 64/69 MP: 13/16
  8655 | D:11     | 8655 ||| Stepping ~*~*~tactically~*~*~ (water).
  8662 | D:11     | 8662 ||| PLANNING LAIR
  8662 | D:11     | 8662 ||| DROPPING +1 ring mail of positive energy.
  8663 | D:11     | 8663 ||| READING scroll labelled MAITHR ESIE.
  8664 | D:11     | 8664 ||| READING scroll labelled IFIMPE BACA.
  8665 | D:11     | 8665 ||| READING 4 scrolls of identify.
  8665 | D:11     | 8665 ||| IDENTIFYING viscous sapphire potion
  8689 | Lair:1   | Entered Level 1 of the Lair of Beasts
  8730 | Lair:1   | Identified the +6 hand axe of the Sun {speed, rCorr MP-9
                  | Int+4}
  8776 | Lair:1   | 8776 ||| INVOKING Heroism.
  9026 | Lair:1   | 9026 ||| INVOKING Heroism.
  9438 | Lair:1   | 9438 ||| READING scroll labelled FEOCYDDYNG.
  9498 | Lair:2   | 9498 ||| INVOKING Heroism.
  9511 | Lair:2   | Noticed a five-headed hydra
  9520 | Lair:2   | Killed a five-headed hydra
  9521 | Lair:2   | 9521 ||| FLEEEEING.
  9522 | Lair:2   | 9522 ||| FLEEEEING.
  9523 | Lair:2   | 9523 ||| FLEEEEING.
  9525 | Lair:2   | 9525 ||| FLEEEEING.
  9526 | Lair:2   | 9526 ||| FLEEEEING.
  9540 | Lair:2   | 9540 ||| STAIRDANCE
  9542 | Lair:1   | 9542 ||| INVOKING Heroism.
  9594 | Lair:2   | 9594 ||| STAIRDANCE
  9630 | Lair:2   | 9630 ||| DRINKING potion of mutation.
  9630 | Lair:2   | Lost mutation: Potions are less effective at restoring your
                  | health. [potion of mutation]
  9630 | Lair:2   | Lost mutation: Your mind is acute. (Int +4, Str/Dex -1)
                  | [potion of mutation]
  9630 | Lair:2   | Gained mutation: You have hidden genetic defects. [potion
                  | of mutation]
  9630 | Lair:2   | Gained mutation: Your muscles are strong. (Str +4, Int/Dex
                  | -1) [potion of mutation]
  9691 | Lair:2   | 9691 ||| INVOKING Heroism.
  9713 | Lair:2   | Found a staircase to the Snake Pit.
  9744 | Lair:2   | Found a staircase to the Shoals.
  9768 | Lair:2   | 9768 ||| INVOKING Heroism.
  9845 | Lair:2   | Noticed Urug
  9846 | Lair:2   | 9846 ||| INVOKING Heroism.
  9847 | Lair:2   | 9847 ||| INVOKING Finesse.
  9861 | Lair:2   | Killed Urug
  9862 | Lair:2   | Reached skill level 15 in Ranged Weapons
  9862 | Lair:2   | Reached skill level 9 in Invocations
 10175 | Lair:2   | 10175 ||| INVOKING Heroism.
 10221 | Lair:2   | Gained mutation: Your spells are a little easier to cast,
                  | but a little less powerful. [hidden defects]
 10305 | Lair:2   | Noticed Amaemon
 10306 | Lair:2   | 10306 ||| INVOKING Heroism.
 10326 | Lair:2   | Killed Amaemon
 10364 | Lair:2   | 10364 ||| UPGRADING to ring of willpower.
 10365 | Lair:2   | 10365 ||| READING 3 scrolls labelled DAESMAD PEAN.
 10466 | Lair:2   | 10466 ||| READING 4 scrolls of identify.
 10466 | Lair:2   | 10466 ||| IDENTIFYING red potion
 10467 | Lair:2   | 10467 ||| DROPPING 2 scrolls of silence.
 10529 | Lair:3   | Noticed a catoblepas
 10530 | Lair:3   | 10530 ||| INVOKING Heroism.
 10531 | Lair:3   | 10531 ||| INVOKING Finesse.
 10540 | Lair:3   | Killed a catoblepas
 10595 | Lair:3   | Noticed Kirke
 10596 | Lair:3   | 10596 ||| INVOKING Heroism.
 10597 | Lair:3   | 10597 ||| INVOKING Finesse.
 10616 | Lair:3   | Reached XP level 13. HP: 72/73 MP: 13/20
 10630 | Lair:3   | Killed Kirke
 10645 | Lair:3   | Reached skill level 16 in Ranged Weapons
 10659 | Lair:3   | Gained mutation: You occasionally lose the ability to drink
                  | potions when taking damage. [hidden defects]
 10659 | Lair:3   | Lost mutation: You have hidden genetic defects. [hidden
                  | defects expressed]
 10762 | Lair:3   | Noticed Gastronok
 10763 | Lair:3   | 10763 ||| INVOKING Heroism.
 10776 | Lair:3   | Killed Gastronok
 10856 | Lair:3   | Identified the +2 robe of Luc Jaleusi {rN+ Str+2 Dex+3
                  | SInv} (Okawaru gifted it to you on level 3 of the Lair of
                  | Beasts)
 10856 | Lair:3   | Received a gift from Okawaru
 11126 | Lair:3   | 11126 ||| UPGRADING to +2 robe of Luc Jaleusi {rN+ Str+2
                  | Dex+3 SInv}.
 11136 | Lair:3   | 11136 ||| READING scroll labelled XYKIHU JAEZU.
 11137 | Lair:3   | 11137 ||| READING 3 scrolls of identify.
 11137 | Lair:3   | 11137 ||| IDENTIFYING amethyst potion
 11138 | Lair:3   | 11138 ||| DROPPING potion of brilliance.
 11154 | Lair:4   | 11154 ||| INVOKING Heroism.
 11173 | Lair:4   | 11173 ||| STAIRDANCE
 11175 | Lair:3   | 11175 ||| INVOKING Heroism.
 11177 | Lair:3   | HP: 17/75 [komodo dragon (7)]
 11177 | Lair:3   | Slain by a komodo dragon

Levels and vault maps discovered:
D:1:      amcnicky_arrival_flooded_fountain, layout_loops_corners, serial_shops,
          nicolae_square_shop, minmay_cupped
D:2:      layout_rooms, dreamdust_ecumenical_altar_statues,
          hangedman_decor_clover_reticule, minivault_27
D:3:      layout_loops_ring, serial_shops, nicolae_shop_rolling_square,
          uniq_jessica
D:4:      layout_basic, mainiacjoe_overflow_alcove_4, serial_shops,
          nicolae_shop_behind_doors, uniq_crazy_yiuf_cottage
D:5:      layout_basic, good_gods_mini_temple, nicolae_uskayaw_suspiria
D:6:      layout_loops_cross, st_stairs_6, minmay_misc_feat_more_columns,
          grunt_ministairs_2, glass_columns_c, kennysheep_opposing_triangles
D:7:      layout_loops_ring, mainiacjoe_overflow_brackets,
          minmay_temple_entry_grid
D:8:      layout_gridville, grunt_gozag_breadcrumbs,
          chequers_temple_overflow_statue_of_worship, uniq_erica
D:9:      kennysheep_windowed_halls, layout_basic, kennysheep_mini
D:10:     layout_roguey, serial_shops, nicolae_shop_real_fake_doors
D:11:     layout_basic, grunt_lair_entry_orc_guard_hut, serial_shops,
          nicolae_shop_gaudy_bauble, minmay_checkerbox
Temple:   compressed_dpeg_circular_temple
Lair:1:   layout_roguey, minivault_26, grunt_forest_small_clearings,
          chequers_serial_rivers_micro_c
Lair:2:   layout_roguey, shoals_dummy_entry, minmay_snake_entry_guardpost_small,
          forest_entry_grove, grunt_megastairs_3, uniq_amaemon, uniq_urug
Lair:3:   layout_cave_shapes, uniq_kirke, uniq_gastronok
Lair:4:   nzn_winding_woodlands_huge [nzn_winding_woodlands_5x15_sidewinder,
          nzn_winding_woodlands_5x15_eye,
          nzn_winding_woodlands_5x15_pathside_ponds,
          nzn_winding_woodlands_5x15_crooked, nzn_winding_woodlands_5x15_zeroes,
          nzn_winding_woodlands_5x15_jagged,
          nzn_winding_woodlands_5x15_longhouse,
          nzn_winding_woodlands_5x15_parted,
          nzn_winding_woodlands_5x15_sawtooth,
          nzn_winding_woodlands_5x15_pockets,
          nzn_winding_woodlands_center_lodge,
          nzn_winding_woodlands_center_garden,
          nzn_winding_woodlands_15x15_eel_pit], layout_regular_city

Skill      XL: |  1  2  3  4  5  6  7  8  9 10 11 12 13 |
---------------+----------------------------------------+-----
Ranged Weapons | 3 4 5 6 8 9 10 12 14 15 16 | 16.0
Fighting       | 2 3 4 6 7 8 9 10 11 | 11.0
Armour         | 1 2 3 5 |  5.0
Dodging        | 2 4 5 |  5.1
Invocations    | 4 6 10 | 10.0
Spellcasting   | |  1.0
Hexes          | |  2.6

Action                     |  1- 3 |  4- 6 |  7- 9 | 10-12 | 13-15 || total
---------------------------+-------+-------+-------+-------+-------++-------
   Fire: Sling             |   126 |    82 |   156 |   349 |       ||   713
         Orcbow            |       |       |       |   341 |   122 ||   463
 Invoke: Heroism           |       |       |       |    26 |     3 ||    29
         Finesse           |       |       |       |     3 |       ||     3
    Use: Scroll            |     3 |     3 |     6 |     8 |     2 ||    22
         Potion            |       |     2 |     2 |     3 |       ||     7
 Armour: Robe              |    33 |       |       |       |    17 ||    50
         Leather armour    |       |    11 |       |       |       ||    11
         Ring mail         |       |     6 |    59 |       |       ||    65
         Troll leather arm |       |       |       |   249 |    12 ||   261
  Dodge: Dodged            |    56 |    21 |    76 |   378 |    25 ||   556

Table legend:
 A = Non-vault XP
 B = Vault XP
 C = Vault XP percentage of total XP
 D = Non-vault monster count
 E = Vault monster count
 F = Vault count percentage of total count
                 A         B        C        D         E       F
            +---------+---------+-------+---------+---------+-------
      Total |   21857 |   16547 |  43.1 |     216 |      74 |  25.5
            +---------+---------+-------+---------+---------+-------
        D:1 |      36 |       5 |  12.2 |      21 |       4 |  16.0
        D:2 |      79 |       0 |   0.0 |      11 |       0 |   0.0
        D:3 |     174 |      37 |  17.5 |      26 |       1 |   3.7
        D:4 |     310 |       0 |   0.0 |      13 |       0 |   0.0
        D:5 |    1178 |      43 |   3.5 |      15 |       3 |  16.7
        D:6 |     513 |     362 |  41.4 |      10 |       7 |  41.2
        D:7 |     906 |       0 |   0.0 |      10 |       0 |   0.0
        D:8 |    1142 |     839 |  42.4 |       5 |       1 |  16.7
        D:9 |    2231 |    4334 |  66.0 |      25 |      20 |  44.4
       D:10 |    1472 |       0 |   0.0 |      16 |       0 |   0.0
       D:11 |    3260 |    1813 |  35.7 |      18 |      10 |  35.7
     Lair:1 |    4827 |       0 |   0.0 |      23 |       0 |   0.0
     Lair:2 |    2228 |    4633 |  67.5 |       8 |      20 |  71.4
     Lair:3 |    3501 |    3612 |  50.8 |      15 |       6 |  28.6
     Lair:4 |       0 |     869 | 100.0 |       0 |       2 | 100.0
            +---------+---------+-------+---------+---------+-------
